Cogmind - Beta 13 @@@ ROGUE MODE // 2024.04.08 @ 05:08:33 Player: JanPolak Result: Destroyed by as-98808 with Assembled Heavy Rifle Performance ------------- Evolutions (0) 0 Regions Visited (2) 400 Robots Destroyed (27) 135 Value Destroyed (361) 361 Prototype IDs (3) 60 Alien Tech Used (0) 0 Bonus (0) 0 TOTAL SCORE: 956 Bonus ------- None Cogmind --------- Core Integrity 0/250 Matter 272/300 Energy 261/265 System Corruption 0% Temperature Cool (2) Movement Walking (120) Location -10/Mines Parts ------- > --- POWER (1) -------- Improved Ion Engine > --- PROPULSION (2) --- Aluminum Leg Aluminum Leg > --- UTILITY (2) ------ Medium Storage Unit Signal Interpreter > --- WEAPON (2) ------- Light Assault Rifle > --- INVENTORY (10) --- Improved Ion Engine Large Storage Unit Light Cannon Flail Flail Mining Claw Peak State ------------ > --- POWER ------------ Improved Ion Engine > --- PROPULSION ------- Aluminum Leg Aluminum Leg > --- UTILITY ---------- Small Storage Unit > --- WEAPON ----------- Flail Flail > --- INVENTORY -------- Improved Ion Engine Improved Ion Engine EM Pulse Gun Medium Laser Medium Laser [Rating: 9] Favorites ----------- Power Improved Ion Engine Engine Improved Ion Engine Propulsion Aluminum Leg Leg Aluminum Leg Utility Small Storage Unit Device Heat Sink Storage Small Storage Unit Processor Signal Interpreter Weapon Medium Laser Energy Gun Medium Laser Ballistic Gun Light Assault Rifle Ballistic Cannon Light Cannon Impact Weapon Flail Slashing Weapon Mining Claw Build | -11 -10 -10 ------- Run | Yrd Mat Min Slots Evolved . | . . . Power . | . . . Propulsion . | . . . Utility . | . . . Weapon . | . . . Parts Attached 26 | 6 18 2 Power 4 | 1 3 . Engine 4 | 1 3 . Core . | . . . Reactor . | . . . Propulsion 4 | 2 2 . Treads . | . . . Leg 4 | 2 2 . Wheel . | . . . Hover . | . . . Flight . | . . . Utility 4 | 1 3 . Device 1 | . 1 . Storage 2 | 1 1 . Processor 1 | . 1 . Hackware . | . . . Protection . | . . . Artifact . | . . . Weapon 14 | 2 10 2 Energy Gun 6 | 2 4 . Energy Cannon . | . . . Ballistic Gun 2 | . . 2 Ballistic Cannon 1 | . 1 . Launcher . | . . . Special Weapon . | . . . Impact Weapon 4 | . 4 . Slashing Weapon 1 | . 1 . Piercing Weapon . | . . . Special Melee Weapon . | . . . Unidentified Prototypes . | . . . Parts Lost 4 | . 3 1 Power . | . . . Propulsion 1 | . 1 . Utility 1 | . 1 . Weapon 2 | . 1 1 Highest Loss Streak 2 | . 2 1 To Critical Strikes . | . . . Average Slot Usage (%) 95 | . 94 99 Engine 14 | . 14 14 Leg 27 | . 27 28 Device 3 | . 3 . Storage 14 | . 14 14 Processor 7 | . 6 14 Energy Gun 11 | . 13 . Ballistic Gun 2 | . . 18 Ballistic Cannon 1 | . 1 4 Impact Weapon 7 | . 8 . Slashing Weapon 4 | . 4 4 Naked Turns . | . . . Heaviest Build 22 | 14 22 22 Greatest Support 20 | 20 20 20 Greatest Overweight (x) 1 | 1 1 1 Average Overweight (x) . | . . . Largest Inventory Capacity 10 | 8 10 10 Average Capacity 8 | 7 8 10 Most Carried 6 | 5 6 6 Average Carried 4 | 1 4 5 Final Capacity 10 | 8 10 10 Final Carried 6 | 2 4 6 Class Distribution -------------------- 100% | Mutant Dominant Class ---------------- Mutant | -10/Materials Mutant | -10/Mines Resources | -11 -10 -10 ----------- Run | Yrd Mat Min Matter Collected 464 | 198 227 39 Remotely . | . . . Salvage Created 600 | . 567 33 Parts 36 | . 33 3 Haulers Intercepted 2 | . 2 . Recyclers Shooed 2 | . 2 . Parts Field Recycled . | . . . Retrieved Matter . | . . . Parts Self-Destructed . | . . . Prevented . | . . . Kills | -11 -10 -10 ------- Run | Yrd Mat Min Combat Hostiles Destroyed 16 | . 13 3 Melee 3 | . 3 . Guns 5 | . 5 . Cannons 3 | . . 3 AOE 2 | . 2 . Classes Destroyed 7 | . 7 . Worker 3 | . 3 . Builder 2 | . 2 . Hauler 2 | . 2 . Operator 1 | . 1 . Watcher 3 | . 3 . Swarmer 11 | . 8 3 Grunt 5 | . 5 . Best Kill Streak 3 | . 3 3 Combat Bots Only 3 | . 3 3 Max Kills in Single Turn 2 | . 2 1 Gunslinging . | . . . Exploded 2 | . 2 . Melee 1 | . 1 . Uniques/NPCs Destroyed . | . . . Combat | -11 -10 -10 -------- Run | Yrd Mat Min Hostile Shots Fired 162 | . 106 56 Missed 42 | . 24 18 Damage Taken 1136 | . 713 423 Core 258 | . 185 73 Absorbed by Shields . | . . . Regen/Repaired (Parts) 71 | . 71 . Core Remaining (%) 100 | 100 . . Volleys Fired 60 | . 51 9 Largest 2 | . 2 1 Hottest 100 | . 100 35 Shots Fired 74 | . 65 9 Gun 61 | . 61 . Cannon 13 | . 4 9 Launcher . | . . . Special . | . . . Kinetic 13 | . 4 9 Thermal 45 | . 45 . Explosive . | . . . Electromagnetic 16 | . 16 . Robot Hit Streak 6 | . 6 1 Robot Miss Streak 6 | . 6 4 Penetration Max . | . . . Secondary Targets . | . . . Shots Hit Robots 51 | . 48 3 Core Hits 19 | . 16 3 Critical Kills . | . . . Critical Parts Destroyed 3 | . 3 . Critical Strikes 7 | . 7 . Burn 3 | . 3 . Blast 1 | . 1 . Smash 3 | . 3 . Melee Attacks 27 | . 27 . Impact 21 | . 21 . Slashing 6 | . 6 . Piercing . | . . . Sneak Attacks 5 | . 5 . Combat Hostiles . | . . . Follow-up Attacks . | . . . Damage Inflicted 1388 | . 1313 75 Guns 447 | . 447 . Cannons 126 | . 51 75 Explosions 72 | . 72 . Melee 743 | . 743 . Ramming . | . . . Kinetic 126 | . 51 75 Thermal 413 | . 413 . Explosive . | . . . Electromagnetic 106 | . 106 . Impact 672 | . 672 . Slashing 71 | . 71 . Piercing . | . . . Highest Corruption . | . . . Average Corruption . | . . . Corruption Purged . | . . . Corruption Blocked . | . . . Overload Shots . | . . . Overflow Damage 344 | . 344 . Projectiles 8 | . 8 . Explosions . | . . . Melee 336 | . 336 . Knockbacks 1 | . 1 . Impact 1 | . 1 . Kinetic . | . . . Secondary . | . . . Self-Inflicted Damage . | . . . Shots . | . . . Rammed . | . . . Targets Rammed . | . . . Kicked . | . . . Crushed . | . . . Highest Temperature 410 | . 410 23 Average Temperature 88 | . 92 7 Received Heat Transfer 276 | . 156 120 Effects 2 | . 2 . Energy Bleed 1 | . 1 . Short Circuit 1 | . 1 . Siege Activations . | . . . Robots Corrupted 1 | . 1 . Combat Hostiles 1 | . 1 . Parts Fried 12 | . 12 . Impact Corruptions 14 | . 14 . Robots Melted 1 | . 1 . Combat Hostiles 1 | . 1 . Parts Melted 2 | . 2 . Heat Transferred 1321 | . 1321 . Parts Sabotaged . | . . . Parts Stolen . | . . . Parts Stripped . | . . . Power Chain Reactions 1 | . 1 . Alert | -11 -10 -10 ------- Run | Yrd Mat Min Peak Influence 214 | . 214 84 Initial 14 | . . 14 Average 89 | . 97 68 Maximum Alert Level 1 | . 1 . Low Security (%) 91 | 100 89 100 Level 1 8 | . 10 . Level 2 . | . . . Level 3 . | . . . Level 4 . | . . . Level 5 . | . . . High Security . | . . . Max Security . | . . . Squads Dispatched 3 | . 3 . Investigation 2 | . 2 . Extermination . | . . . Reinforcement 1 | . 1 . Assault . | . . . Garrison . | . . . Intercept . | . . . Searches Triggered . | . . . Construction Impeded . | . . . Haulers Reinforced . | . . . Active Scanning Responses . | . . . Cargo Convoy Interrupts . | . . . Stealth | -11 -10 -10 --------- Run | Yrd Mat Min Distress Signals 2 | . 2 . Communications Jammed . | . . . Distress Signals . | . . . Times Spotted 41 | . 25 16 Peak Tracking Total 13 | . 4 13 Tactical Retreats 1 | . 1 . Traps | -11 -10 -10 ------- Run | Yrd Mat Min Traps Triggered 1 | . 1 . Indirectly . | . . . Trap Hack Attempts . | . . . Triggered . | . . . Disarmed . | . . . Reprogrammed . | . . . Reused . | . . . Traps Extracted . | . . . Installed . | . . . Triggered . | . . . Machines | -11 -10 -10 ---------- Run | Yrd Mat Min Machines Disabled . | . . . Max in Single Turn . | . . . Machines Repaired . | . . . Machines Dismantled . | . . . Machines Sabotaged . | . . . Overloaded Fab Kills . | . . . Hacking | -11 -10 -10 --------- Run | Yrd Mat Min Machines Accessed 5 | . 5 . Terminals 4 | . 4 . Fabricators . | . . . Repair Stations 1 | . 1 . Recycling Units . | . . . Scanalyzers . | . . . Garrison Access . | . . . Total Hacks 11 | . 11 . Successful 3 | . 3 . Failed 8 | . 8 . Catastrophic . | . . . Database Lockouts . | . . . Manual . | . . . Terminals 9 | . 9 . Fabricators . | . . . Repair Stations 2 | . 2 . Recycling Units . | . . . Scanalyzers . | . . . Garrison Access . | . . . Terminal Hacks 1 | . 1 . Prototype ID Bank 1 | . 1 . Fabricator Hacks . | . . . Repair Station Hacks 2 | . 2 . Scan Component 1 | . 1 . Repair 1 | . 1 . Recycling Unit Hacks . | . . . Scanalyzer . | . . . Garrison Access Hacks . | . . . Unauthorized Hacks . | . . . Terminals . | . . . Fabricators . | . . . Repair Stations . | . . . Recycling Units . | . . . Scanalyzers . | . . . Garrison Access . | . . . Data Cores Recovered . | . . . Used . | . . . Hacking Detections 3 | . 3 . Full Trace Events 1 | . 1 . Feedback Events . | . . . Feedback Blocked . | . . . Robot Schematics Acquired . | . . . Robots Built . | . . . Authchips . | . . . Time . | . . . Total Robot Build Rating . | . . . Part Schematics Acquired . | . . . Parts Built . | . . . Authchips . | . . . Time . | . . . Total Part Build Rating . | . . . Parts Repaired 1 | . 1 . Time 26 | . 26 . Parts Recycled . | . . . Recycled Matter . | . . . Retrieved Matter . | . . . Retrieved Components . | . . . Parts Scanalyzed . | . . . Part Schematics Acquired . | . . . Parts Damaged . | . . . Bothacking | -11 -10 -10 ------------ Run | Yrd Mat Min Used RIF Installer . | . . . Robots Hacked . | . . . Non-combat . | . . . Combat . | . . . Robot Hacks Applied . | . . . Relay Couplers Released . | . . . Fabnet Peak Effective % . | . . . Robots Rewired . | . . . Allies Hacked . | . . . Hacks Repelled . | . . . Allies | -11 -10 -10 -------- Run | Yrd Mat Min Total Allies . | . . . Largest Group . | . . . Highest-Rated Group . | . . . Highest-Rated Ally . | . . . Total Orders . | . . . Ally Attacks . | . . . Total Damage . | . . . Kills . | . . . Allies Corrupted . | . . . Allies Melted . | . . . Intel | -11 -10 -10 ------- Run | Yrd Mat Min Robot Analysis Total . | . . . Derelict Logs Recovered . | . . . Drone Launches . | . . . Drone Recoveries . | . . . Exploration | -11 -10 -10 ------------- Run | Yrd Mat Min Turns Passed 1728 | 55 1405 268 Spaces Moved 1013 | 37 791 185 Core 9 | 9 . . Treads . | . . . Legs 1004 | 28 791 185 Wheels . | . . . Hover . | . . . Flight . | . . . Fastest Speed 50 | 50 120 120 Average Speed 140 | 113 144 132 Slowest Speed 190 | 120 190 190 Overloaded Moves . | . . . Propulsion Burnouts . | . . . Robots Hopped . | . . . Cave-ins Triggered . | . . . Exploration Rate (%) 46 | 3 95 41 Regions Visited 2 Branch Regions 1 Pre-discovered Areas . | . . . Known Exits Taken 1 | . 1 . Unknown Exits Taken 1 | 1 . . Scrap Searched . | . . . Spaces Dug . | . . . Terrain Destroyed 4 | . 4 . Melee . | . . . Projectile . | . . . AOE 4 | . 4 . Terrain Rammed . | . . . Walls Destroyed . | . . . Machines Disabled . | . . . Actions | -11 -10 -10 --------- Run | Yrd Mat Min Total 1197 | 50 949 198 Wait 35 | . 35 . Move 1011 | 36 790 185 Hop . | . . . Pick Up 27 | 8 17 2 Fast Attach . | . . . Attach 15 | 6 9 . Detach 1 | . 1 . Swap 11 | . 9 2 Drop 10 | . 10 . Fire 60 | . 51 9 Melee 27 | . 27 . Ram . | . . . Kick . | . . . Crush . | . . . Escape Stasis . | . . . Rewire . | . . . Trap . | . . . Miscellaneous . | . . . Route ------- -11/Scrapyard -10/Materials (discovered 5 exits: *Mat x2 / *Min x2 / *Sub) -10/Mines History --------- Turn | Location | Event 10 | -11/Scrapyard | Discovered new exit (range 16) 56 | -11/Scrapyard | Entered Materials 318 | -10/Materials | Build established: Mutant 368 | -10/Materials | Discovered new exit (range 15) 480 | -10/Materials | Discovered new exit (range 8) 656 | -10/Materials | Core integrity fell below 50% 710 | -10/Materials | Discovered new exit (range 11) 759 | -10/Materials | Repaired Aluminum Leg 821 | -10/Materials | Discovered new exit (range 7) 854 | -10/Materials | Identified exit to Mines 1093 | -10/Materials | Identified exit to Materials 1150 | -10/Materials | Discovered new exit (range 11) 1180 | -10/Materials | Identified exit to Subcaves 1461 | -10/Materials | Entered Mines 1671 | -10/Mines | Assembled infested the area 1676 | -10/Mines | Assisted by a Guerilla fighting off Assembled 1712 | -10/Mines | Core integrity fell below 20% 1729 | -10/Mines | Destroyed by as-98808 with Assembled Heavy Rifle Last Messages --------------- 01565_ Acquired 4 matter. 01670_ K-01 Serf collects debris. 01671_ ALERT: Infestation in the mines, dispatching Demolisher response squad. 01672_ K-01 Serf collects debris. 01676_ A derelict emerges from the shadows: "You need to get out of here! I've been tracking a group of Assembled to figure out where they're coming from, and they're closing on this area, come on!" 01679_ K-01 Serf collects debris. 01694_ K-01 Serf destroyed. 01699_ 29-B71(h): "I'll hold them off! Go on ahead or try to find another way!" 01716_ Lgt. Assault Rifle destroyed. 01722_ 29-B71(h) system corrupted by crushing effect. 01722_ 29-B71(h) knocked back. 01723_ 29-B71(h) system terminally corrupted. 01724_ U-05 Engineer builds a Wall. Map ----- +----------------------------------------------------+ | | | | | | | | | | | | | | | | | | | | | | | | | | | ?????????????????????????????????????????????????? | | ?????????????????????????????????????????????????? | | ??????????????????????????????????????????######## | | ?????????????????????????????????????????## | | ?????????????????????????????????????????# | | ??????????????????????####???????????????# | | ?????????????????????## ##???????????????# | | ??????####??????????## #####????????????# | | ??##### #######???## ##???????????# | | ?## ## ##### aa a ####???????## | | ?# a a # ##??????# | | ?# """ a % a ## #?????## | | ?## """ #### a @ ## #??#### | | ??# ### """ ##??## ### #### | | ??????## ##????# ##?# = | | ???????## !%##????## ##??# #### # | | ????????## =#????## % ####??## ##??# ## | | ?????????# #????# #### ###???# | | ?????????# #????# % ##????## ## | | ?????????# #????# u## ### ## ##?????# ## | | ????????? "????## ## #?# ### #??????# | | ?????????# #????## ;## #?# #?# #??????# | | ?????????## ?????## #### #?# #?# #??????## | | ???????????# ##### #??# #?# #?# #???????# | | ????????????# #??# #?# #?# #???????# | | ????????????######### #### ### ### #??????## | | ????????????????????# #???#### | | ????????????????????###### #??## | | ?????????????????????????######## ####??# | | ????????????????????????????????# ##????## ## | | ???????????????????????????????## #####?## ### | | ??????????????????????????????## #### #?? | | ?????????????????????????????## ## #?? | | ?????????????????????????????# ##?? | | ?????????????????????????????# ###??? | | ?????????????????????????????## #### ##???? | | ??????????????????????????????#####??## ##??? | +----------------------------------------------------+ Best States ------------- Heat Dissipation 35 Energy Generation 12 Energy Capacity 265 Matter Stores 300 Matter Capacity 300 Sight Range 16 Terrain Scan Density 10 Evasion (%) 55 Item Schematics ----------------- None Robot Schematics ------------------ None Fabricated ------------ Nothing Alien Tech Used ----------------- None Achievements -------------- It's Just You Power Corrupts Challenges ------------ None Game ------ Seed SchematicProtonOptics Manual? 0 Play Time 00:21:21 Cumulative 7.3 hours Start 2024.04.08 @ 04:48:18 End 2024.04.08 @ 05:08:33 Sessions 1 Manual Loads 0 Difficulty Rogue Special Mode None Game No. 6 Rogue 6 Adventurer 0 Explorer 0 Win Type - Total 0 Types 0/0/0/0/0/0/0/0/0 Lore% 12 Gallery% 9 Achievement% 8 Wizard Run 0 Options --------- Layout 2 ASCII 0 Keyboard 0 Movement Mouse Keybinds 0 Fullscreen 2 Font 48/Terminus Map View 50x44 Zoom Use 0% Tactical HUD 1 Map Filters NONE Filters NONE Steam 1 RUN: 485a0555-92dd-44a4-ae0f-2c1047c75eaa